 Dungeon Crawl Stone Soup version 0.30.0-5-g1a98f26d00 (webtiles) character file.

Game seed: 11622459582206076199

18 sampeng1 the Trooper (level 2, -1/24 HPs)
             Began as a Human Chaos Knight on May 9, 2023.
             Was a Plaything of Xom.
             Slain by an orange demon (8 damage)
             ... summoned by Xom
             ... on level 1 of the Dungeon.
             The game lasted 00:05:26 (944 turns).

sampeng1 the Trooper (Human Chaos Knight)            Turns: 944, Time: 00:05:26

Health: -1/24      AC: 11    Str: 12    XL:     2   Next: 90%
Magic:  2/2        EV:  3    Int: 12    God:    Xom [..*...]
Gold:   50         SH:  0    Dex: 12    Spells: 1/1 levels left

rFire   . . .        d - +0 war axe
rCold   . . .        (no shield)
rNeg    . . .        f - +0 plate armour
rPois   .            (no helmet)
rElec   .            (no cloak)
rCorr   .            (no gloves)
SInv    .            (no boots)
Will    .....        (no amulet) Stlth
                     (no ring)
HPRegen 0.24/turn    (no ring)
MPRegen 0.08/turn

%: no passive effects
@: lethally poisoned (-1 -> -21)
A: no striking features
a: Renounce Religion


You were on level 1 of the Dungeon.
You worshipped Xom.
You were a toy of Xom.
You visited 1 branch of the dungeon, and saw 1 of its levels.

You collected 50 gold pieces.

Inventory:

Hand Weapons
 a - a +0 hand axe of chaos
 d - a +0 war axe (weapon)
Missiles
 g - 2 poisoned darts (quivered)
Armour
 b - a +2 leather armour
 f - a +0 plate armour (worn)
Scrolls
 e - a scroll of fog {unknown}
 h - a scroll of enchant weapon {unknown}
 k - a scroll of amnesia {unknown}
Potions
 i - 2 potions of curing {unknown}
 j - a potion of invisibility {unknown}
 l - a potion of mutation {unknown}
Miscellaneous
 c - a piece from Xom's chessboard (15/15)


   Skills:
 + Level 3.2 Fighting
 + Level 3.2 Axes
 + Level 2.3 Armour
 + Level 1.4 Dodging


You had one spell level left.
You didn't know any spells.
Your spell library contained the following spells:

 Spells                   Type           Power      Damage    Failure   Level
 Ensorcelled Hibernation  Hex/Ice        0%         N/A       100%        2
 Spider Form              Tmut/Pois      0%         N/A       100%        3
 Anguish                  Hex/Necr       0%         N/A       100%        4


Dungeon Overview and Level Annotations

Branches:
Dungeon (1/15)

Altars:

Shops:
D:1 [


Message History

i - 2 yellow potions (gained 1)
You see here a hobgoblin corpse.
There is a stone staircase leading down here.
Xom's power almost touches on you for a moment.
Your plate armour briefly appears rusty.
Xom grants you insight.
You detect nothing.
You are now a very special plaything of Xom.
You open the door.
There is an open door here.
Xom is getting BORED.
You open the door.
There is an open door here.
You don't know any spells.
Okay, then.
Xom is getting BORED.
l - a fuming ruby potion
Found a dagger.
You are now a BORING thing.
You are now a very special plaything of Xom.
There is an open door here.
There is an open door here.
As you open the door, it creaks loudly!
There is an open door here.
You see here a +0 ring mail. "Fight to survive, mortal."
You are now a toy of Xom.
You barely miss the ufetubus. The ufetubus barely misses you.
The ufetubus hits you but does no damage.
The orange demon stings you from afar.
You are lethally poisoned!
The orange demon poisons you! The ufetubus hits you.
The ufetubus barely misses you.
You miss the ufetubus.
You feel extremely sick. The ufetubus hits you.
* * * LOW HITPOINT WARNING * * *
The ufetubus barely misses you. The orange demon stings you from afar!
You die... "This toy is broken."

##..######.# #.......>.#
##.######## #.# #.# #####.####
#>.......# #.###.##.# #####
####.###@##.#######...#
#########........5............###
..........##.##..4#...######.....
.#######..##.#....)..(.....##§§≈#
.# #............[...#......#.....
.# #.###..###.....###......≈...§.
.# #.###..######..# #......§..⌠..
.###........).(...# #).....#§....
.........#######'######≈≈≈###≈≈≈#


You could see an orange demon (summoned) and an ufetubus (summoned).

Vanquished Creatures
  A dart slug (D:1)
  2 bats (D:1)
  4 endoplasms (D:1)
  A goblin (D:1)
  3 hobgoblins (D:1)
  A frilled lizard (D:1)
  2 rats (D:1)
14 creatures vanquished.

Notes
Turn   | Place    | Note
-------+----------+-------------------------------------------
     0 | D:1      | sampeng1 the Human Chaos Knight began the quest for the
                  | Orb.
     0 | D:1      | Reached XP level 1. HP: 18/18 MP: 1/1
    70 | D:1      | XOM: silly message
   113 | D:1      | Found Learaff's Antique Armour Emporium.
   265 | D:1      | Reached XP level 2. HP: 21/24 MP: 2/2
   287 | D:1      | XOM: silly message
   319 | D:1      | XOM: silly message
   447 | D:1      | Found Zadizy's Armour Shop.
   708 | D:1      | XOM: silly message
   741 | D:1      | XOM: divination: detect items
   857 | D:1      | XOM is BORED!
   942 | D:1      | XOM: summons 2 hostile demons
   943 | D:1      | Noticed an orange demon
   944 | D:1      | Slain by an orange demon

Illustrated notes

Levels and vault maps discovered:
D:1:      dpeg_arrival_rooms_with_view, layout_loops_corners, serial_shops,
          shop, shop

Action                     || total
---------------------------++-------
  Melee: War axe           ||    49
 Armour: Leather armour    ||    12
         Plate armour      ||     8
  Dodge: Dodged            ||    30
